 Dungeon Crawl Stone Soup version 0.29-a0-648-g6b26cc9f40 (webtiles) character file.

Game seed: 202120150272329694

41 DocClef the Skirmisher (level 3, -2/30 HPs)
             Began as a Minotaur Gladiator on June 20, 2022.
             Slain by Terence
             ... wielding a +0 hand axe
              (6 damage)
             ... on level 2 of the Dungeon.
             The game lasted 00:01:21 (1445 turns).

DocClef the Skirmisher (Minotaur Gladiator)         Turns: 1445, Time: 00:01:22

Health: -2/30      AC:  3    Str: 17 (20) XL:     3   Next: 32%
Magic:  2/2        EV: 12    Int:  5      God:
Gold:   13         SH:  0    Dex: 10 (11) Spells: 2/2 levels left

rFire   . . .      SeeInvis .   a - +0 war axe
rCold   . . .      Faith    .   (no shield)
rNeg    . . .      Spirit   .   b - +0 leather armour
rPois   .          Reflect  .   (helmet unavailable)
rElec   .          Harm     .   (no cloak)
rCorr   .          Rampage  .   (no gloves)
Will    .....                   (no boots)
Stlth   +.........              (no amulet)
HPRegen 0.10/turn               (no ring)
MPRegen 0.08/turn               (no ring)

@: no status effects
A: horns 3, retaliatory headbutt, frail 1
a: no special abilities


You were on level 2 of the Dungeon.
You visited 1 branch of the dungeon, and saw 2 of its levels.

You collected 13 gold pieces.

Inventory:

Hand Weapons
 a - a +0 war axe (weapon)
Missiles
 d - 3 throwing nets (quivered)
 e - a javelin
Armour
 b - a +0 leather armour (worn)
 c - a +2 hat
Scrolls
 f - a scroll of enchant armour
Potions
 g - 2 potions of curing
 i - a potion of heal wounds


   Skills:
 + Level 4.6 Fighting
 - Level 3.6 Axes
 - Level 2.0 Throwing
 - Level 3.2 Dodging


You had 2 spell levels left.
You didn't know any spells.
Your spell library contained the following spells:

 Spells                   Type           Power      Damage    Failure   Level
 Passage of Golubria      Tloc           0%         N/A       100%        4
 Silence                  Hex/Air        0%         N/A       100%        5
 Lehudib's Crystal Spear  Conj/Erth      0%         10d2      100%        8


Dungeon Overview and Level Annotations

Branches:
Dungeon (2/15)

Altars:
Vehumet

Shops:
D:1 :

Annotations:
D:2 Terence


Innate Abilities, Weirdness & Mutations

You have a pair of large horns on your head.
You reflexively headbutt those who attack you in melee.
You are frail. (-10% HP)


Message History

The goblin hits you but does no damage.
You barely miss the goblin. Your headbutt misses the goblin.
The goblin closely misses you. You furiously retaliate!
You headbutt the goblin!
You kill the goblin!
No target in view!
Things that are here:
a +0 club; a goblin corpse Terence and a hobgoblin come into view.
Terence shouts!
The hobgoblin shouts!
You see here a scroll labelled HASHRO CIXEOQAE.
There are monsters nearby!
There are monsters nearby!
There are monsters nearby!
Terence drinks a potion.
Terence goes berserk!
You see here a scroll labelled HASHRO CIXEOQAE.
h - a scroll labelled HASHRO CIXEOQAE The hobgoblin attacks as you move away!
The hobgoblin barely misses you.
The air fills with toxic fumes!
As you read the scroll labelled HASHRO CIXEOQAE, it crumbles to dust.
It was a scroll of poison.
Terence barely misses you.
The hobgoblin hits you but does no damage.
Terence misses you. You furiously retaliate!
You headbutt Terence! You hit Terence.
Terence is severely wounded.
You hit the hobgoblin but do no damage. Terence closely misses you.
The hobgoblin hits you. Terence hits you with a +0 hand axe.
Unknown command.
You hit Terence.
Terence is severely wounded.
You closely miss the hobgoblin. Terence hits you with a +0 hand axe!
The hobgoblin barely misses you. Terence hits you with a +0 hand axe!
* * * LOW HITPOINT WARNING * * *
Unknown command.
You slash Terence!
Terence is almost dead.
You slash the hobgoblin!
You kill the hobgoblin!
Terence hits you with a +0 hand axe.
You die...

###.#####.######†#
#................#
#.#.#####........# #
#.#.#......#####.#
#§######)#.#.###..# #....
#.§§§....#.# ##.###.#.#
#...§§.#.#.. #.....#.#
##.###§################.#
###..##§@@§§§§§§§ ...
#.§§§§§§†######## #.#
#.#§§#§§§# ..# #.§§§§§..
### #§§§§§§### #§§§§#§#
######§# §§# ##


You could see Terence (berserk).

Vanquished Creatures
  A worm (D:2)
  A dart slug (D:1)
  2 bats (D:1)
  2 endoplasms (D:1)
  A giant cockroach (D:2)
  7 goblins
  5 hobgoblins
  4 jackals (D:1)
  3 quokkas (D:1)
  2 frilled lizards (D:1)
  3 rats (D:1)
31 creatures vanquished.

Vanquished Creatures (others)
  6 plants (D:1)
6 creatures vanquished.

Grand Total: 37 creatures vanquished

Notes
Turn   | Place    | Note
-------+----------+-------------------------------------------
     0 | D:1      | DocClef the Minotaur Gladiator began the quest for the Orb.
     0 | D:1      | Reached XP level 1. HP: 18/18 MP: 0/0
    62 | D:1      | Reached skill level 3 in Fighting
    67 | D:1      | Reached XP level 2. HP: 26/26 MP: 1/1
   280 | D:1      | Found a faded altar of an unknown god.
   282 | D:1      | Reached skill level 4 in Fighting
   377 | D:1      | Found Xokujyx's Book Emporium.
   505 | D:1      | Reached XP level 3. HP: 34/34 MP: 2/2
  1106 | D:1      | Found a radiant altar of Vehumet.
  1337 | D:2      | Gained mutation: You are frail. (-10% HP) [potion of
                  | mutation]
  1337 | D:2      | Lost mutation: You are frail. (-10% HP) [potion of
                  | mutation]
  1337 | D:2      | Gained mutation: You are frail. (-10% HP) [potion of
                  | mutation]
  1337 | D:2      | Gained mutation: You have a pair of large horns on your
                  | head. [potion of mutation]
  1437 | D:2      | Noticed Terence
  1445 | D:2      | Slain by Terence

Illustrated notes

Levels and vault maps discovered:
D:1:      dpeg_arrival_water_altar, layout_basic, serial_shops, shop,
          shapermc_ecumenical_altar_acropolis, serial_bayou_crossing
D:2:      layout_basic, st_stairs_13, uniq_terence

Skill      XL: |  1  2 |
---------------+-------+-----
Fighting       | 3 4 |  4.6
Axes           | |  3.6
Throwing       | |  2.0
Dodging        | |  3.2

Action                   || total
-------------------------++-------
Melee: War axe           ||    50
       Headbutt          ||     8
  Use: Potion            ||     5
       Scroll            ||     4
Armor: Leather armour    ||    21
Dodge: Dodged            ||    31

Table legend: (Time is in decaauts)
 A = Elapsed time spent in this place.
 B = Non-inter-level travel time spent in this place.
 C = Inter-level travel time spent in this place.
 D = Time resting spent in this place.
 E = Time spent auto-exploring this place.
 F = Levels seen in this place.
 G = Mean time per level.
                   A        B        C        D        E       F      G
               +--------+--------+--------+--------+--------+-----+--------+
         Total |   1476 |   1434 |     42 |      0 |   1244 |   2 |  738.0 |
       Dungeon |   1476 |   1434 |     42 |      0 |   1244 |   2 |  738.0 |
               +--------+--------+--------+--------+--------+-----+--------+

Top non-repeatable levels by time:
     D:1: 1185 daAuts
     D:2: 290 daAuts
